 Dungeon Crawl Stone Soup version 0.31-a0-278-g485e682e34 (webtiles) character file.

Game seed: 12657041492749358030

134 AdnanSaban the Covered (level 5, -5/33 HPs)
             Began as a Gargoyle Fighter on July 16, 2023.
             Slain by Edmund
             ... wielding a +0 heavy flail
              (7 damage)
             ... on level 4 of the Dungeon.
             The game lasted 00:02:49 (2420 turns).

AdnanSaban the Covered (Gargoyle Fighter)           Turns: 2420, Time: 00:02:50

Health: -5/33      AC: 11    Str: 21    XL:     5   Next: 17%
Magic:  5/5        EV:  9    Int:  9    God:
Gold:   168        SH:  4    Dex:  9    Spells: 4/4 levels left

rFire   . . .        a - +0 flail
rCold   . . .        c - +0 buckler
rNeg    + . .        b - +0 scale mail
rPois   ∞            (no helmet)
rElec   +            (no cloak)
rCorr   .            (no gloves)
SInv    .            (no boots)
Will    .....        (no amulet) Stlth
                     (no ring)
HPRegen 0.25/turn    (no ring)
MPRegen 0.09/turn

%: no passive effects
@: no status effects
A: sickness immunity, AC +4, negative energy resistance 1, electricity
resistance, torment resistance 1, petrification resistance
a: no special abilities


You were on level 4 of the Dungeon.
You visited 1 branch of the dungeon, and saw 4 of its levels.

You collected 168 gold pieces.

Inventory:

Hand Weapons
 a - a +0 flail (weapon)
Armour
 b - a +0 scale mail (worn)
 c - a +0 buckler (worn)
Jewellery
 h - a +4 ring of slaying
 l - an amulet of regeneration
Wands
 k - a wand of digging (7)
Scrolls
 e - 2 scrolls of identify {unknown}
 f - 2 scrolls of torment {unknown}
 g - 2 scrolls of teleportation {unknown}
 i - 2 scrolls of blinking {unknown}
 m - 2 scrolls of immolation {unknown}
 p - 2 scrolls of enchant weapon {unknown}
 q - a scroll of amnesia {unknown}
Potions
 d - a potion of might
 j - 4 potions of curing {unknown}
 n - a potion of lignification {unknown}
 o - a potion of haste {unknown}


   Skills:
 + Level 4.0 Fighting
 + Level 3.7 Maces & Flails
 + Level 4.1 Armour
 + Level 3.8 Shields


You had 4 spell levels left.
You didn't know any spells.
Your spell library contained the following spells:

 Spells                   Type           Power      Damage    Failure   Level
 Foxfire                  Conj/Fire      0%         2x1d4     78%         1
 Magic Dart               Conj           0%         1d3       78%         1
 Call Imp                 Summ           0%         N/A       89%         2
 Mephitic Cloud           Conj/Pois/Air  0%         N/A       98%         3
 Plasma Beam              Fire/Air       0%         2x1d10    100%        6
 Starburst                Conj/Fire      0%         6d3       100%        6
 Chain Lightning          Conj/Air       0%         N/A       100%        9
 Fire Storm               Conj/Fire      0%         5d1       100%        9
 Shatter                  Erth           0%         3d5*      100%        9


Dungeon Overview and Level Annotations

Branches:
Dungeon (4/15)
 Temple: D:4-7

Altars:
Sif Muna
Uskayaw

Annotations:
D:4 Edmund


Innate Abilities, Weirdness & Mutations

You are immune to sickness and miasma.
Your stone body is resilient. (AC +4)
You are immune to poison.
You resist negative energy. (rN+)
You are resistant to electric shocks. (rElec)
You are resistant to unholy torment.
You are immune to petrification.


Message History

No target in view!
No target in view!
You now have 168 gold pieces (gained 12).
q - a scroll labelled LYAVVURUTA
Found a stone staircase leading down.
An endoplasm comes into view.
The endoplasm quivers.
You barely miss the endoplasm. You block the endoplasm's attack.
You sock the endoplasm!
You kill the endoplasm!
No target in view!
You open the door.
There is an open door here.
You open the door.
There is an open door here.
Edmund the Younger comes into view.
He is wielding a +0 heavy flail.
Edmund shouts!
Edmund is nearby!
You barely miss Edmund. You block Edmund's attack.
You closely miss Edmund. Edmund hits you with a +0 heavy flail.
You hit Edmund.
Edmund is lightly wounded.
Edmund hits you with a +0 heavy flail!
You closely miss Edmund.
Edmund is lightly wounded.
You block Edmund's attack.
You sock Edmund!
Edmund is moderately wounded.
Edmund hits you with a +0 heavy flail!
* * * LOW HITPOINT WARNING * * *
You hit Edmund.
Edmund is heavily wounded.
You hit Edmund.
Edmund is heavily wounded.
Edmund hits you with a +0 heavy flail.
* * * LOW HITPOINT WARNING * * *
You barely miss Edmund.
Edmund is heavily wounded.
Edmund hits you with a +0 heavy flail!
You die...

#.. #.# #.# #.######
########.#....########
#...@@.#.#...........#
#.####.#.#........>..#
##'#'#...........#
#......##........+
#......##........#
#......##.#.......
#......##.#.##..##
#......##.#.#.....
#......##+#.#.###.


You could see Edmund.

Vanquished Creatures
  4 gnolls
  3 adders
  A dart slug (D:1)
  A worm (D:4)
  An orc (D:3)
  6 bats
  6 endoplasms
  2 giant cockroaches
  7 goblins
  3 hobgoblins
  3 jackals (D:3)
  3 quokkas
  7 ball pythons
  3 frilled lizards
  7 kobolds
  6 rats
63 creatures vanquished.

Notes
Turn   | Place    | Note
-------+----------+-------------------------------------------
     0 | D:1      | AdnanSaban the Gargoyle Fighter began the quest for the
                  | Orb.
     0 | D:1      | Reached XP level 1. HP: 14/14 MP: 1/1
   134 | D:1      | Reached XP level 2. HP: 19/19 MP: 2/2
   580 | D:2      | Reached XP level 3. HP: 23/23 MP: 3/3
   713 | D:2      | Found a shimmering blue altar of Sif Muna.
  1443 | D:2      | Reached XP level 4. HP: 17/29 MP: 4/4
  1604 | D:3      | Noticed a +0 hand axe
  1606 | D:3      | Noticed a +0 hand axe
  1610 | D:3      | Found a hide-covered altar of Uskayaw.
  1923 | D:3      | Reached XP level 5. HP: 21/33 MP: 5/5
  2411 | D:4      | Noticed Edmund
  2419 | D:4      | HP: 1/33 [Edmund/+0 heavy flail (5)]
  2420 | D:4      | Slain by Edmund

Illustrated notes

Levels and vault maps discovered:
D:1:      lightli_arrival_flooded_house, layout_basic, st_stairs_10
D:2:      layout_loops_corners, basic_altar
D:3:      layout_loops_ring, dancing_weapons_uskayaw, grunt_ministairs_10
D:4:      layout_basic, marbit_many_paths, serial_glass, glass_columns_a,
          glass_columns_b, chequers_serial_rivers_small_b, uniq_blork_the_orc,
          uniq_duvessa, uniq_edmund

Skill      XL: |  1  2  3  4  5 |
---------------+----------------+-----
Maces & Flails | 3 |  3.7
Armour         | 4 |  4.1
Fighting       | 4 |  4.0
Shields        | |  3.8

Action                     |  1- 3 |  4- 6 || total
---------------------------+-------+-------++-------
  Melee: Flail             |   105 |    88 ||   193
 Armour: Scale mail        |    62 |    38 ||   100
  Dodge: Dodged            |    52 |    31 ||    83
  Block: Buckler           |    21 |    13 ||    34

Table legend: (Time is in decaauts)
 A = Elapsed time spent in this place.
 B = Non-inter-level travel time spent in this place.
 C = Inter-level travel time spent in this place.
 D = Time resting spent in this place.
 E = Time spent auto-exploring this place.
 F = Levels seen in this place.
 G = Mean time per level.
                   A        B        C        D        E       F      G
               +--------+--------+--------+--------+--------+-----+--------+
         Total |   2477 |   2375 |    102 |    112 |   1776 |   4 |  619.2 |
       Dungeon |   2477 |   2375 |    102 |    112 |   1776 |   4 |  619.2 |
               +--------+--------+--------+--------+--------+-----+--------+

Top non-repeatable levels by time:
     D:2: 958 daAuts
     D:3: 869 daAuts
     D:1: 572 daAuts
     D:4: 77 daAuts
